cohdb
Replays
Latest Replays
All Replays
Popular Replays
Top Player Replays
Match Explorer
How It Works
Community
CoH3 Stats
Reddit
Sign in to upload your games and track your stats! →
Sign in with Steam
Match 38347622
Unlisted
Match 38347622
Overview
Messages
Build Orders
End
Construct Weapon Support Center
Selects Armored Battlegroup
Selects Armored Battlegroup
Selects Assault Engineers
Assault Engineer Squad
M1919 Machine Gun Team
M1919 Machine Gun Team
Bazooka Squad
Infantry Support Center
Construct Medical Station
.30 cal Machine Gun
Construct Barracks
Riflemen Squad
Riflemen Squad
Construct Tank Depot
Selects Fast Deploy
Selects M8 Scott SPG
Selects UNKNOWN (2160077)
M4A3E8 Sherman Easy Eight
M4A3E8 Sherman Easy Eight
Selects M31 Recovery Vehicle
M4A3E8 Sherman Easy Eight
Selects War Machine
M1918 Browning Automatic Rifles
Grenade Package
M31 Recovery Vehicle
Construct Motor Pool
sharpshooter
WeakTendon
Fallschirmjäger1943
Hacsan
0
0
Comments
sign in to comment!
No comments posted yet!